 Dungeon Crawl Stone Soup version 0.31-a0-149-g3fdcc5976a (webtiles) character file.

Game seed: 16886863779160859446

2142 jlumianski the Magician (level 9, 0/64 HPs)
             Began as a Djinni Fire Elementalist on June 7, 2023.
             Was an Initiate of Makhleb.
             Slain by a bullfrog (7 damage)
             ... on level 7 of the Dungeon on June 8, 2023.
             The game lasted 00:37:42 (6412 turns).

jlumianski the Magician (Djinni Fire Elementalist)  Turns: 6412, Time: 00:37:45

Health: 0/64       AC:  5    Str:  9    XL:     9   Next: 56%
Gold:   251        EV: 14    Int: 24    God:    Makhleb [......] SH:  0 Dex: 15

rFire   + + .        E - +8 rapier "Sushruff" {heavy, rC+ Str+2 Int+2 Dex+2}
rCold   . . .        (no shield)
rNeg    . . .        a - +0 robe
rPois   ∞            p - +0 helmet
rElec   .            (no cloak)
rCorr   .            (no gloves)
SInv    .            (boots unavailable)
Will    .....        t - amulet of regeneration
Stlth   +++          (no ring)
HPRegen 1.10/turn    (no ring)
MPRegen 0.00/turn

%: infuse magic (-1 HP)
@: flying
A: sickness immunity, fire resistance 2, cold vulnerability 1, float, innate
caster, HP casting, extra vitality 1, iridescent scales 1, robust 1
a: Renounce Religion


You were on level 7 of the Dungeon.
You worshipped Makhleb.
Makhleb was noncommittal.
You visited 2 branches of the dungeon, and saw 9 of its levels.

You collected 504 gold pieces.
You spent 253 gold pieces at shops.

Inventory:

Hand Weapons
 b - a +0 dagger
 d - a +0 short sword
 u - a +5 short sword of venom
 E - the +8 rapier "Sushruff" (weapon) {heavy, rC+ Str+2 Int+2 Dex+2}
   (You found it on level 8 of the Dungeon)

   Str:       It affects your strength (+2).
   Int:       It affects your intelligence (+2).
   Dex:       It affects your dexterity (+2).
   rC:        It protects you from cold.
Missiles
 q - a throwing net
Armour
 a - a +0 robe (worn)
 p - a +0 helmet (worn)
 G - a +0 cloak
Magical Staves
 e - a staff of conjuration
Jewellery
 t - an amulet of regeneration (around neck)
Wands
 r - a wand of mindburst (18)
 x - a wand of roots (8)
 B - a wand of digging (3)
Scrolls
 f - 2 scrolls of teleportation
 h - a scroll of silence
 i - 2 scrolls of fog
 k - a scroll of blinking
 m - 2 scrolls of immolation {unknown}
 o - 2 scrolls of amnesia
 s - a scroll of torment
 w - 5 scrolls of enchant weapon {unknown}
 y - a scroll of noise {unknown}
 C - a scroll of vulnerability {unknown}
 F - a scroll of magic mapping {unknown}
Potions
 c - 2 potions of attraction
 g - a potion of invisibility
 j - a potion of ambrosia
 l - 2 potions of curing
 n - 3 potions of degeneration
 v - 3 potions of heal wounds
 z - 2 potions of berserk rage
 A - a potion of might
 D - a potion of mutation


   Skills:
 + Level 2.5 Fighting
 + Level 4.3 Short Blades
 + Level 5.8 Dodging
 + Level 4.0 Stealth
 * Level 6.9 Spellcasting
 * Level 6.9 Conjurations
 * Level 6.9 Hexes
 * Level 6.9 Summonings
 * Level 6.9 Necromancy
 * Level 6.9 Translocations
 * Level 6.9 Transmutations
 * Level 6.9 Fire Magic
 * Level 6.9 Ice Magic
 * Level 6.9 Air Magic
 * Level 6.9 Earth Magic
 * Level 6.9 Poison Magic


You knew the following spells:

 Your Spells              Type           Power      Damage    Failure   Level
a - Foxfire               Conj/Fire      100%       2x1d9     1%          1
b - Scorch                Fire           82%        2d8       1%          2
c - Volatile Blastmotes   Fire/Tloc      82%        2d16      1%          3
d - Inner Flame           Hex/Fire       41%        N/A       1%          3
e - Flame Wave            Conj/Fire      41%        2d11      4%          4
f - Shock                 Conj/Air       100%       1d9       1%          1
g - Lesser Beckoning      Tloc           82%        N/A       1%          2
h - Gell's Gravitas       Tloc           41%        N/A       1%          3
i - Cause Fear            Hex            20%        N/A       4%          4
Your spell library was empty.

Dungeon Overview and Level Annotations

Branches:
Dungeon (8/15)             Temple (1/1) D:4
   Lair: D:8-11

Altars:
Ashenzari
Cheibriados
Dithmenos
Elyvilon
Fedhas
Hepliaklqana
Makhleb
Okawaru
Qazlal
Ru
Trog
Uskayaw
Wu Jian
Xom
Yredelemnul
Zin
The Shining One

Shops:
D:3 ?   D:4 ?:*   D:6 !   D:7 =

Annotations:
D:7 2 transporters, Pimp's ghost, novice HOFi


Innate Abilities, Weirdness & Mutations

You are immune to sickness and miasma.
You are immune to poison.
Your flesh is very heat resistant. (rF++)
You are vulnerable to cold. (rC-)
You float through the air rather than walking.
You learn spells naturally, not from books.
Your magical power is your life essence.
You have superior vitality. (+4 MHP)
You are partially covered in iridescent scales. (AC +2)
You are robust. (+10% HP)


Message History

The bullfrog hits you.
You puncture the bullfrog!
You kill the bullfrog!
Makhleb accepts your kill.
The foxfire hits the bullfrog.
The bullfrog is lightly wounded.
The foxfire hits the bullfrog!
The bullfrog is heavily wounded.
The bullfrog hits you. x2
Casting: Foxfire (safe; 1% risk of failure)
Confirm with . or Enter, or press ? or * to list all spells.
You conjure some foxfire!
The bullfrog hits you.
The bullfrog hits you but does no damage.
You puncture the ice beast!
The ice beast is moderately wounded.
The foxfire hits the ice beast!
The ice beast melts!
The ice beast is severely wounded.
The foxfire hits the bullfrog.
The bullfrog is heavily wounded.
The bullfrog misses you. The bullfrog hits you!
The ice beast hits you but does no damage.
Casting: Foxfire (safe; 1% risk of failure)
Confirm with . or Enter, or press ? or * to list all spells.
You conjure some foxfire!
The bullfrog closely misses you.
The ice beast hits you but does no damage.
The bullfrog hits you.
You hit the ice beast.
The ice beast is severely wounded.
The foxfire hits the ice beast but does no damage.
The ice beast is severely wounded.
The foxfire hits the ice beast.
The ice beast melts!
The ice beast is lightly wounded.
The bullfrog hits you.
* * * LOW HITPOINT WARNING * * *
The ice beast hits you.
* * * LOW HITPOINT WARNING * * *
The ice beast freezes you!
* * * LOW HITPOINT WARNING * * *
The ice beast barely misses you. The bullfrog hits you!
You die...

#..###############
#..# ♣.♣.# ..#♣.
#..# ♣♣..# ♣.#.♣
##.#♣♣...# ..#.♣
###.#♣..♣.# #.#.♣
#...#).♣♣.# #.#♣.
#...#†♣♣♣.# #.#♣.
#§...♣♣♣♣.###
#.#.♣
#.@Y.)......#
#...♣
#..YF.♣♣♣♣.#Y#
###.♣ #....#♣
..#.# #♣. ####.#
...# # #♣. #.#
KF♣.# #[♣
..#..♣♣.# #.♣
..#F♣ .♣# #.♣
...#♣ ♣ #♣. ######


You could see 2 ice beasts and a bullfrog.

Vanquished Creatures
  A kobold demonologist (D:7)
  Sigmund (D:6)
  A water moccasin (D:7)
  A black bear (D:5)
  An orc warrior (D:6)
  An ice beast (D:6)
  2 centaurs
  3 bullfrogs
  2 scorpions
  A wight (D:7)
  4 hounds
  A jelly (D:6)
  4 orc priests
  4 iguanas
  2 sleepcaps
  2 gnoll boudas
  2 orc wizards
  Robin (D:2)
  4 adders
  13 gnolls
  A white imp (D:6)
  A worm (D:2)
  4 dart slugs
  17 orcs
  5 endoplasms
  5 giant cockroaches
  13 goblins
  6 hobgoblins
  12 jackals
  8 kobolds
  A quokka (D:1)
  2 ball pythons
  6 bats (D:1)
  A frilled lizard (D:1)
  3 rats
136 creatures vanquished.

Vanquished Creatures (others)
  A white imp (D:5)
  A goblin (D:2)
  330 foxfires
332 creatures vanquished.

Grand Total: 468 creatures vanquished

Notes
Turn   | Place    | Note
-------+----------+-------------------------------------------
     0 | D:1      | jlumianski the Djinni Fire Elementalist began the quest for
                  | the Orb.
     0 | D:1      | jlumianski set off with the following spells memorised:
                  | Foxfire, Scorch, Volatile Blastmotes, Inner Flame, Flame
                  | Wave.
     0 | D:1      | Reached XP level 1. HP: 15/15 MP: 0/0
    45 | D:1      | Reached XP level 2. HP: 4/21 MP: 0/0
   271 | D:2      | Reached XP level 3. HP: 23/25 MP: 0/0
   271 | D:2      | Learned a level 1 spell: Shock
  1457 | D:2      | Reached XP level 4. HP: 29/31 MP: 0/0
  1780 | D:2      | Noticed Robin
  1896 | D:2      | Killed Robin
  1897 | D:2      | Reached XP level 5. HP: 16/36 MP: 0/0
  1897 | D:2      | Learned a level 2 spell: Lesser Beckoning
  2680 | D:4      | Found Lulozeam's Assorted Antiques.
  2680 | D:4      | Found Samparph's Book Shop.
  2680 | D:4      | Found Sanlakaocw's Magic Scroll Shop.
  2683 | D:4      | Bought a dented amethyst amulet for 110 gold pieces
  2791 | D:3      | Found Unogguzo's Magic Scroll Boutique.
  2798 | D:3      | Bought a scroll of identify for 26 gold pieces
  2798 | D:3      | Bought a scroll of identify for 26 gold pieces
  2798 | D:3      | Bought a scroll of identify for 26 gold pieces
  2798 | D:3      | Identified a scroll of acquirement
  2803 | D:3      | Acquired a staff of conjuration
  3368 | D:4      | Gained mutation: Your spells are a little easier to cast,
                  | but a little less powerful. [potion of mutation]
  3369 | D:4      | Lost mutation: Your spells are a little easier to cast, but
                  | a little less powerful. [potion of mutation]
  3369 | D:4      | Gained mutation: A frigid envelope surrounds you and
                  | freezes all who hurt you. [potion of mutation]
  3369 | D:4      | Gained mutation: You are robust. (+10% HP) [potion of
                  | mutation]
  3369 | D:4      | Lost mutation: A frigid envelope surrounds you and freezes
                  | all who hurt you. [potion of mutation]
  3369 | D:4      | Gained mutation: You are partially covered in iridescent
                  | scales. (AC +2) [potion of mutation]
  3400 | D:4      | Reached skill level 1 in Short Blades
  3579 | D:4      | Reached XP level 6. HP: 45/45 MP: 0/0
  3585 | D:4      | Found a staircase to the Ecumenical Temple.
  3659 | Temple   | Entered the Ecumenical Temple
  4353 | D:5      | Entered Level 5 of the Dungeon
  4516 | D:5      | Reached skill level 1 in Fighting
  4556 | D:5      | Reached XP level 7. HP: 51/51 MP: 0/0
  4556 | D:5      | Learned a level 3 spell: Gell's Gravitas
  4585 | D:5      | Found a stormy altar of Qazlal.
  4744 | D:6      | Found a shadowy altar of Dithmenos.
  4977 | D:5      | Reached skill level 5 in Spellcasting
  4977 | D:5      | Reached skill level 5 in Conjurations
  4977 | D:5      | Reached skill level 5 in Hexes
  4977 | D:5      | Reached skill level 5 in Summonings
  4977 | D:5      | Reached skill level 5 in Necromancy
  4977 | D:5      | Reached skill level 5 in Translocations
  4977 | D:5      | Reached skill level 5 in Transmutations
  4977 | D:5      | Reached skill level 5 in Fire Magic
  4977 | D:5      | Reached skill level 5 in Ice Magic
  4977 | D:5      | Reached skill level 5 in Air Magic
  4977 | D:5      | Reached skill level 5 in Earth Magic
  4977 | D:5      | Reached skill level 5 in Poison Magic
  5014 | D:6      | Found Moloeturgh's Distillery.
  5028 | D:6      | Bought a potion of heal wounds for 65 gold pieces
  5045 | D:6      | Reached XP level 8. HP: 15/57 MP: 0/0
  5046 | D:7      | Found Othegeb's Jewellery Shoppe.
  5477 | D:6      | Noticed Sigmund
  5492 | D:6      | Killed Sigmund
  5510 | D:6      | Found a shimmering altar of Xom.
  5514 | D:6      | Reached skill level 5 in Dodging
  5655 | D:8      | Identified the +8 rapier "Sushruff" {heavy, rC+ Str+2 Int+2
                  | Dex+2}
  5785 | D:6      | Found a basalt altar of Yredelemnul.
  5797 | D:6      | Reached XP level 9. HP: 28/63 MP: 0/0
  5797 | D:6      | Learned a level 4 spell: Cause Fear
  5810 | D:6      | Found an iron altar of Okawaru.
  5827 | D:6      | Found a burning altar of Makhleb.
  5831 | D:6      | Became a worshipper of Makhleb the Destroyer
  5941 | D:6      | Found a blossoming altar of Fedhas.
  6125 | D:7      | Found a transporter.
  6129 | D:7      | Noticed Pimp's ghost (novice HOFi)
  6136 | D:7      | Noticed a moth of wrath
  6181 | D:7      | Found a transporter.
  6187 | D:7      | Found a bloodstained altar of Trog.
  6392 | D:7      | Noticed a kobold demonologist
  6404 | D:7      | Killed a kobold demonologist
  6412 | D:7      | Slain by a bullfrog

Illustrated notes

Levels and vault maps discovered:
D:1:      evilmike_arrival_hilbert_curve, layout_basic
D:2:      layout_loops_corners, uniq_robin
D:3:      layout_basic, serial_shops, shop
D:4:      layout_loops_corners, minmay_temple_entry_antechambers,
          nicolae_shop_distant_corner_stores
D:5:      layout_basic, nicolae_qazlal_general_emergency, minivault_1,
          lemuel_flamethrower_2
D:6:      layout_cave_pools, mainiacjoe_overflow_six_doors_small,
          grunt_dithmenos_smoke, grunt_temple_overflow_cloverleaf, serial_shops,
          nicolae_shop_industrial_runoff, abandoned_shop, uniq_sigmund
D:7:      nzn_winding_woodlands_small [nzn_winding_woodlands_5x15_zeroes,
          nzn_winding_woodlands_center_lodge,
          nzn_winding_woodlands_5x15_pockets], layout_cave_pools,
          gammafunk_ghost_wrathful_warriors, serial_shops, shop
D:8:      layout_rooms, ebering_ghost_gozag, chequers_serial_rivers_room_b,
          uniq_maurice
Temple:   oiseaux_autumnal_temple

Skill      XL: |  1  2  3  4  5  6  7  8  9 |
---------------+----------------------------+-----
Spellcasting   | 4 5 6 |  6.9
Conjurations   | 4 5 6 |  6.9
Hexes          | 4 5 6 |  6.9
Summonings     | 4 5 6 |  6.9
Necromancy     | 4 5 6 |  6.9
Translocations | 4 5 6 |  6.9
Transmutations | 4 5 6 |  6.9
Fire Magic     | 4 5 6 |  6.9
Ice Magic      | 4 5 6 |  6.9
Air Magic      | 4 5 6 |  6.9
Earth Magic    | 4 5 6 |  6.9
Poison Magic   | 4 5 6 |  6.9
Stealth        | 2 3 4 |  4.0
Dodging        | 3 4 5 |  5.8
Short Blades   | 1 2 3 4 |  4.3
Fighting       | 1 2 |  2.5

Action                     |  1- 3 |  4- 6 |  7- 9 || total
---------------------------+-------+-------+-------++-------
  Melee: Unarmed           |     6 |       |       ||     6
         Short sword       |    14 |    33 |    44 ||    91
         Dagger            |     2 |       |       ||     2
         Punch             |       |     1 |       ||     1
         Rapier            |       |       |    23 ||    23
   Cast: Foxfire           |    49 |    67 |    74 ||   190
         Scorch            |     1 |     4 |    10 ||    15
         Shock             |       |     6 |       ||     6
         Volatile Blastmot |       |     2 |     5 ||     7
         Inner Flame       |       |     1 |     1 ||     2
         Flame Wave        |       |     1 |       ||     1
         Gell's Gravitas   |       |       |     7 ||     7
    Use: Potion            |       |     7 |     1 ||     8
         Scroll            |       |     9 |     1 ||    10
   Stab: Sleeping          |     1 |       |     5 ||     6
 Armour: Robe              |     8 |    11 |    33 ||    52
  Dodge: Dodged            |    35 |    45 |    78 ||   158

Table legend: (Time is in decaauts)
 A = Elapsed time spent in this place.
 B = Non-inter-level travel time spent in this place.
 C = Inter-level travel time spent in this place.
 D = Time resting spent in this place.
 E = Time spent auto-exploring this place.
 F = Levels seen in this place.
 G = Mean time per level.
                   A        B        C        D        E       F      G
               +--------+--------+--------+--------+--------+-----+--------+
         Total |   6434 |   6334 |    100 |    194 |   4306 |   9 |  714.9 |
       Dungeon |   6137 |   6037 |    100 |    194 |   4107 |   8 |  767.1 |
        Temple |    296 |    296 |      0 |      0 |    199 |   1 |  296.0 |
               +--------+--------+--------+--------+--------+-----+--------+

Top non-repeatable levels by time:
     D:2: 1288 daAuts
     D:1: 1088 daAuts
     D:4: 951 daAuts
     D:3: 830 daAuts
     D:5: 785 daAuts
     D:6: 733 daAuts
     D:7: 398 daAuts
  Temple: 296 daAuts
     D:8: 61 daAuts
